 Dungeon Crawl Stone Soup version 0.27-a0-1154-gfdeffcb720 (webtiles) character file.

Game seed: 17283973595342020644

5581 leviel the Grappler (level 10, -6/100 HPs)
             Began as a Troll Monk on May 14, 2021.
             Mangled by a two-headed ogre
             ... wielding a +0 giant spiked club
              (25 damage)
             ... on level 9 of the Dungeon.
             The game lasted 00:10:56 (7836 turns).

leviel the Grappler (Troll Monk)                    Turns: 7836, Time: 00:10:56

Health: -6/100     AC:  8    Str: 24    XL:     10   Next: 44%
Magic:  9/9        EV: 13    Int:  6    God:
Gold:   515        SH:  7    Dex: 12    Spells: 9/9 levels left

rFire    . . .     SeeInvis .     - Unarmed
rCold    . . .     Faith    .   y - +0 kite shield
rNeg     . . .     Spirit   .   a - +0 robe
rPois    .         Reflect  .   L - +2 hat
rElec    .         Harm     .   h - +1 cloak of Starlight {*Dazzle EV+4 Stlth--}
rCorr    .         Rampage  .   (gloves unavailable)
Will     .....                  (boots unavailable)
Stlth    ..........             (no amulet)
HPRegen  1.26/turn              (no ring)
MPRegen  0.11/turn              (no ring)

@: about to teleport, slowed, very slow
A: large, unfitting armour, claws 3, regeneration 1, shaggy fur 1, tough skin 1
a: no special abilities


You were on level 9 of the Dungeon.
You visited 2 branches of the dungeon, and saw 10 of its levels.

You collected 515 gold pieces.

Inventory:

Missiles
 z - 6 silver javelins
Armour
 a - a +0 robe (worn)
 h - the +1 cloak of Starlight (worn) {*Dazzle EV+4 Stlth--}
   (You found it on level 2 of the Dungeon)

   It affects your evasion (+4).
   It makes you much less stealthy.
 y - a +0 kite shield (worn)
 H - a +2 tower shield
 L - a +2 hat (worn)
Jewellery
 g - an amulet of faith
 s - an amulet of guardian spirit
 B - an amulet of the acrobat
 G - a ring of resist corrosion
Wands
 k - a wand of flame (19) (quivered)
 t - a wand of charming (6)
 A - a wand of paralysis (7)
 F - a wand of iceblast (7)
Scrolls
 b - 3 scrolls of amnesia {unknown}
 c - 2 scrolls of fear {unknown}
 d - 2 scrolls of fog {unknown}
 f - 6 scrolls of identify {@r1}
 i - 3 scrolls of teleportation
 j - a scroll of noise {unknown}
 o - 2 scrolls of enchant armour {unknown}
 r - a scroll of torment {unknown}
 u - 2 scrolls of magic mapping {unknown}
 x - a scroll of enchant weapon {unknown}
 J - a scroll of blinking {unknown}
Potions
 e - 2 potions of curing {unknown}
 l - a potion of resistance
 m - 3 potions of flight {unknown}
 n - a potion of lignification {unknown}
 p - a potion of heal wounds {unknown}
 q - a potion of haste {unknown}
 v - a potion of brilliance {unknown}
 w - a potion of berserk rage {unknown}
 C - a potion of invisibility {unknown}
 D - a potion of cancellation {unknown}
 E - a potion of mutation {unknown}
 I - a potion of might {unknown}
 K - a potion of ambrosia {unknown}


   Skills:
 + Level 6.4 Fighting
 + Level 6.4 Dodging
 - Level 1.0 Stealth
 * Level 10.5 Unarmed Combat
 + Level 4.9 Evocations


You had 9 spell levels left.
You didn't know any spells.
Your spell library contained the following spells:

 Spells                   Type           Power      Damage    Failure   Level
 Animate Skeleton         Necr           0%         N/A       98%         1
 Corona                   Hex            0%         N/A       98%         1
 Foxfire                  Conj/Fire      0%         2x1d4     98%         1
 Freeze                   Ice            0%         1d3       98%         1
 Magic Dart               Conj           0%         1d3       98%         1
 Pain                     Necr           0%         1d4       98%         1
 Blink                    Tloc           N/A        N/A       99%         2
 Call Imp                 Summ           0%         N/A       99%         2
 Slow                     Hex            0%         N/A       99%         2
 Conjure Flame            Conj/Fire      0%         6-21      100%        3
 Frozen Ramparts          Ice            0%         1d2       100%        3
 Inner Flame              Hex/Fire       0%         N/A       100%        3
 Mephitic Cloud           Conj/Pois/Air  0%         N/A       100%        3
 Ozocubu's Armour         Ice            0%         N/A       100%        3
 Portal Projectile        Hex/Tloc       0%         N/A       100%        3
 Vampiric Draining        Necr           0%         2d6       100%        3
 Animate Dead             Necr           0%         N/A       100%        4
 Cause Fear               Hex            0%         N/A       100%        4
 Hailstorm                Conj/Ice       0%         3d3       100%        4
 Leda's Liquefaction      Hex/Erth       0%         N/A       100%        4
 Sticky Flame             Conj/Fire      0%         2d3       100%        4
 Agony                    Necr           0%         N/A       100%        5
 Fireball                 Conj/Fire      0%         3d3       100%        5
 Metabolic Englaciation   Hex/Ice        0%         N/A       100%        5


Dungeon Overview and Level Annotations

Branches:
Dungeon (9/15)             Temple (1/1) D:7             Orc (0/2) D:9
   Lair: D:8-11

Altars:
Ashenzari
Cheibriados
Dithmenos
Elyvilon
Gozag
Hepliaklqana
Kikubaaqudgha
Makhleb
Nemelex Xobeh
Okawaru
Qazlal
Ru
Sif Muna
Trog
Uskayaw
Vehumet
Wu Jian
Xom
Yredelemnul
Zin
The Shining One

Shops:
D:1 **

Annotations:
D:4 3 runed translucent doors, Mrcawl's ghost, novice MiMo; bisexualwizard's ghost, amateur HOAK
D:5 1 runed translucent door, Crazy Yiuf
D:9 Grum


Innate Abilities, Weirdness & Mutations

You are too large for most types of armour.
You have claws for hands.
Your natural rate of healing is unusually fast.
You are covered in fur. (AC +1)
You have tough skin. (AC +1)


Message History

The wolf bites you. The wolf misses you. The wolf bites you.
The wolf closely misses you. The wolf bites you.
The wolf completely misses you. The wolf bites you but does no damage.
There is a stone staircase leading down here.
The wolf barely misses you. The wolf bites you. You block the wolf's attack.
The wolf barely misses you. The wolf bites you. The wolf closely misses you.
The wolf bites you but does no damage. The wolf closely misses you.
You block the wolf's attack. The wolf bites you. You block the wolf's attack.
The wolf barely misses you. The wolf bites you! The wolf completely misses you.
The wolf barely misses you. You block the wolf's attack. The wolf misses you.
The wolf bites you. The wolf bites you! x2
The wolf bites you but does no damage. The wolf bites you but does no damage.
The wolf bites you. You block the wolf's attack. The wolf bites you.
You block Grum's attack.
You block the wolf's attack. x2; The wolf barely misses you.
The wolf closely misses you. The wolf barely misses you. The wolf bites you.
Okay, then.
Okay, then.
As you read the scroll labelled HEF QOVEPH, it crumbles to dust.
It is a scroll of identify.
i - 4 scrolls of teleportation The wolf completely misses you.
The wolf barely misses you. You block the wolf's attack.
The two-headed ogre hits you with a +0 giant spiked club!
The two-headed ogre barely misses you. The wolf bites you!
Grum hits you from afar with a -1 halberd!
* * * LOW HITPOINT WARNING * * *
The wolf bites you.
* * * LOW HITPOINT WARNING * * *
The wolf barely misses you. Grum barely misses you. The wolf bites you!
* * * LOW HITPOINT WARNING * * *
Okay, then.
As you read the scroll of teleportation, it crumbles to dust.
You feel strangely unstable. The wolf bites you.
* * * LOW HITPOINT WARNING * * *
The wolf misses you. x2
The two-headed ogre hits you with a +0 giant spiked club!!
You die...

......# ....########....#.....
......#####....(...........#....#
..........#................#....#
..........#................#....#
..........#......^.........######
......#####...####.........#....#
..........#......g....#....#.....
..........#.....hh..÷.#....#.....
..........#..(..@O....#....#.....
..........#......h....#.........#
..........#...........#.......†..
###############...#####..........
......................#.........>
......................#..........
........ .............#..........
......######.....##...#....#....#
...........#.....#....#....#....#


You could see a two-headed ogre, Grum and 3 wolves.

Vanquished Creatures
  Gastronok (D:9)
  A manticore (D:8)
  Grinder (D:5)
  A wyvern (D:9)
  Edmund (D:6)
  A water moccasin (D:9)
  A black bear (D:5)
  2 ice beasts
  An orc warrior (D:8)
  2 ogres
  A centaur (D:9)
  A phantom (D:6)
  3 bullfrogs
  6 scorpions
  A wyvern zombie (D:7)
  2 water moccasin skeletons
  8 wights
  4 howler monkeys
  A bullfrog zombie (D:5)
  2 centaur zombies
  3 hounds
  3 jellies
  2 bullfrog skeletons (D:6)
  A gnoll shaman (D:6)
  4 orc priests
  2 iguanas
  5 orc wizards
  A killer bee zombie (D:8)
  9 adders
  13 gnolls
  A shadow imp (D:6)
  2 worms (D:3)
  4 dart slugs
  17 orcs
  11 ball pythons
  5 endoplasms
  2 giant cockroaches
  6 goblins
  6 hobgoblins
  3 jackals (D:4)
  10 kobolds
  9 quokkas
  11 bats
  2 frilled lizards
  8 rats
  A bush (D:4)
182 creatures vanquished.

Vanquished Creatures (others)
  A ball python (D:4)
  11 plants (D:4)
  6 withered plants (D:4)
18 creatures vanquished.

Grand Total: 200 creatures vanquished

Notes
Turn   | Place    | Note
-------+----------+-------------------------------------------
     0 | D:1      | leviel the Troll Monk began the quest for the Orb.
     0 | D:1      | Reached XP level 1. HP: 22/22 MP: 0/0
   340 | D:1      | Found Zextah's General Store.
   347 | D:1      | Reached XP level 2. HP: 29/29 MP: 1/1
   352 | D:1      | Found Niemmadu's Assorted Antiques.
   781 | D:2      | Reached XP level 3. HP: 5/36 MP: 2/2
   856 | D:2      | Reached skill level 4 in Unarmed Combat
  1199 | D:2      | Reached XP level 4. HP: 44/44 MP: 3/3
  1372 | D:2      | Found the +1 cloak of Starlight {*Dazzle EV+4 Stlth--}
  1485 | D:3      | Found a broken altar of Ashenzari.
  2012 | D:4      | Reached XP level 5. HP: 53/53 MP: 4/4
  2283 | D:4      | Noticed an ogre
  2289 | D:4      | Killed an ogre
  2290 | D:4      | Reached skill level 5 in Unarmed Combat
  2290 | D:4      | Reached skill level 1 in Evocations
  2290 | D:4      | Reached XP level 6. HP: 61/61 MP: 5/5
  2395 | D:4      | Found a runed translucent gate.
  2395 | D:4      | Found a runed translucent gate.
  2395 | D:4      | Found a runed translucent gate.
  2399 | D:4      | Noticed bisexualwizard's ghost (amateur HOAK)
  2400 | D:4      | Noticed Mrcawl's ghost (novice MiMo)
  3035 | D:5      | Entered Level 5 of the Dungeon
  3088 | D:5      | Noticed Grinder
  3089 | D:5      | Paralysed by Grinder for 5 turns
  3117 | D:5      | Killed Grinder
  3118 | D:5      | Reached skill level 6 in Unarmed Combat
  3118 | D:5      | Reached XP level 7. HP: 38/68 MP: 6/6
  3618 | D:5      | Found a shimmering blue altar of Sif Muna.
  3835 | D:5      | Found a runed translucent door.
  3836 | D:5      | Noticed Crazy Yiuf
  4009 | D:6      | Noticed Edmund
  4268 | D:6      | Reached XP level 8. HP: 64/79 MP: 7/7
  4360 | D:6      | Killed Edmund
  4361 | D:6      | Reached skill level 7 in Unarmed Combat
  4615 | D:6      | Reached skill level 8 in Unarmed Combat
  4668 | D:6      | Reached skill level 5 in Fighting
  5134 | D:6      | Reached skill level 5 in Dodging
  5358 | D:6      | Reached XP level 9. HP: 88/88 MP: 8/8
  5634 | D:7      | Found a sacrificial altar of Ru.
  5658 | D:7      | Found an opulent altar of Gozag.
  5786 | D:7      | Found a glowing silver altar of Zin.
  5827 | D:7      | Found a stormy altar of Qazlal.
  5903 | D:7      | Found a staircase to the Ecumenical Temple.
  5910 | Temple   | Entered the Ecumenical Temple
  6764 | D:8      | Noticed a manticore
  6773 | D:8      | Killed a manticore
  6774 | D:8      | Reached skill level 9 in Unarmed Combat
  7498 | D:9      | Found a staircase to the Orcish Mines.
  7725 | D:9      | Noticed Gastronok
  7744 | D:9      | Killed Gastronok
  7745 | D:9      | Reached skill level 10 in Unarmed Combat
  7745 | D:9      | Reached XP level 10. HP: 53/100 MP: 9/9
  7813 | D:9      | Noticed Grum
  7815 | D:9      | Noticed a two-headed ogre
  7836 | D:9      | Mangled by a two-headed ogre

Illustrated notes

Levels and vault maps discovered:
D:1:      scummos_arrival_star, layout_basic, serial_shops,
          nicolae_shop_waterfront, shop
D:2:      layout_basic, eino_tiny_chamber, corexii_hall_statues_l
D:3:      layout_rooms, ashenzari_altar_1
D:4:      wad_woods_tower, layout_loops_corners, gammafunk_ghost_cemetery,
          grunt_ministairs_10, minmay_hedge_maze
D:5:      layout_cave_pods, overflow_temple_1_default, uniq_grinder,
          uniq_crazy_yiuf_cottage
D:6:      layout_cave_pods, minmay_parallelograms, uniq_edmund
D:7:      layout_loops_ring, nicolae_qazlal_scattered_showers, zin_treasury,
          general_overflow_altar, nicolae_gozag_seed_capital,
          minmay_temple_entry_grid, grunt_ministairs_10
D:8:      layout_gridville, serial_glass, glass_columns_c, glass_columns_c
D:9:      layout_grid_maze, nicolae_overflow_hidden_temple, orc_0_dummy,
          uniq_grum, uniq_gastronok
Temple:   regret_index_temple_generic_petals

Skill      XL: |  1  2  3  4  5  6  7  8  9 |
---------------+----------------------------+-----
Unarmed Combat | 4 5 6 8 10 | 10.5
Fighting       | 3 4 5 6 |  6.4
Dodging        | 3 4 5 6 |  6.4
Evocations     | 1 2 3 4 |  4.9
Stealth        | |  1.0

Action                   |  1- 3 |  4- 6 |  7- 9 | 10-12 || total
-------------------------+-------+-------+-------+-------++-------
Melee: Unarmed           |    90 |   183 |   335 |       ||   608
       Punch             |       |     5 |     3 |       ||     8
Evoke: Wand              |       |     4 |     4 |       ||     8
  Use: Scroll            |       |       |       |     2 ||     2
 Stab: Sleeping          |     5 |       |       |       ||     5
       Invisible         |       |     5 |     8 |       ||    13
Armor: Robe              |    34 |    41 |    61 |     7 ||   143
Dodge: Dodged            |    54 |   129 |   229 |    29 ||   441
Block: Kite shield       |       |       |    79 |    11 ||    90

Table legend: (Time is in decaauts)
 A = Elapsed time spent in this place.
 B = Non-inter-level travel time spent in this place.
 C = Inter-level travel time spent in this place.
 D = Time resting spent in this place.
 E = Time spent auto-exploring this place.
 F = Levels seen in this place.
 G = Mean time per level.
                   A        B        C        D        E       F      G
               +--------+--------+--------+--------+--------+-----+--------+
         Total |   7869 |   7393 |    476 |    510 |   5592 |  10 |  786.9 |
       Dungeon |   7643 |   7195 |    448 |    510 |   5393 |   9 |  849.2 |
        Temple |    226 |    199 |     27 |      0 |    199 |   1 |  226.0 |
               +--------+--------+--------+--------+--------+-----+--------+

Top non-repeatable levels by time:
     D:5: 1212 daAuts
     D:6: 1170 daAuts
     D:4: 1119 daAuts
     D:8: 921 daAuts
     D:7: 829 daAuts
     D:1: 768 daAuts
     D:2: 634 daAuts
     D:9: 493 daAuts
     D:3: 493 daAuts
  Temple: 226 daAuts
